 Dungeon Crawl Stone Soup version 0.28-a0-802-g09f76e8c00 (webtiles) character file.

Game seed: 8457916082520090610

1052 case the Cutter (level 7, -1/60 HPs)
             Began as a Demigod Transmuter on Nov 6, 2021.
             Slain by a gnoll (7 damage)
             ... on level 5 of the Dungeon.
             The game lasted 00:11:35 (5323 turns).

case the Cutter (Demigod Transmuter)                Turns: 5323, Time: 00:11:40

Health: -1/60      AC:  5    Str: 24    XL:     7   Next: 76%
Magic:  13/13      EV: 11    Int: 15    God:
Gold:   206        SH:  0    Dex: 14    Spells: 7/10 levels left

rFire   . . .      SeeInvis .   m - +7 dagger of Iconoclasm {vorpal, rElec rN+ Str+5 Stlth-}
rCold   . . .      Faith    .   (no shield)
rNeg    + . .      Spirit   .   n - +0 ring mail
rPois   .          Reflect  .   (no helmet)
rElec   +          Harm     .   (no cloak)
rCorr   .          Rampage  .   (no gloves)
Will    .....                   (no boots)
Stlth   ..........              (no amulet)
HPRegen 0.20/turn               (no ring)
MPRegen 0.13/turn               (no ring)

@: no status effects
A: high mp 1, forlorn
a: no special abilities


You were on level 5 of the Dungeon.
You visited 1 branch of the dungeon, and saw 6 of its levels.

You collected 206 gold pieces.

Inventory:

Hand Weapons
 m - the +7 dagger of Iconoclasm (weapon) {vorpal, rElec rN+ Str+5 Stlth-}
   (You found it on level 4 of the Dungeon)

   It inflicts extra damage upon your enemies.
   Str:       It affects your strength (+5).
   rElec:     It insulates you from electricity.
   rN:        It protects you from negative energy.
   Stlth:     It makes you less stealthy.
Armour
 a - a +0 robe
 c - a +0 leather armour
 n - a +0 ring mail (worn)
Scrolls
 b - a scroll of blinking {unknown}
 h - a scroll of identify
 i - a scroll of immolation {unknown}
 j - 2 scrolls of teleportation {unknown}
 l - 2 scrolls of holy word
 o - a scroll of amnesia {unknown}
Potions
 e - a potion of attraction {unknown}
 f - 2 potions of flight
 g - a potion of degeneration {unknown}
 k - a potion of might {unknown}
 p - a potion of brilliance {unknown}


   Skills:
 + Level 4.3 Fighting
 * Level 5.3 Short Blades
 - Level 1.7 Dodging
 - Level 4.4 Unarmed Combat
 - Level 2.4 Spellcasting
 - Level 3.1 Transmutations


You had 7 spell levels left.
You knew the following spells:

 Your Spells              Type           Power      Damage    Failure   Level
a - Beastly Appendage     Tmut           22%        N/A       10%         1
b - Wereblood             Tmut           11%        N/A       14%         2

Your spell library contained the following spells:

 Spells                   Type           Power      Damage    Failure   Level
 Spider Form              Tmut/Pois      6%         N/A       47%         3
 Ice Form                 Ice/Tmut       6%         N/A       87%         4
 Summon Ice Beast         Ice/Summ       1%         N/A       97%         4
 Summon Mana Viper        Hex/Summ       1%         N/A       100%        5
 Monstrous Menagerie      Summ           0%         N/A       100%        7


Dungeon Overview and Level Annotations

Branches:
Dungeon (6/15)
 Temple: D:4-7

Annotations:
D:4 1 runed translucent door, pigah's ghost, amateur OpWn


Innate Abilities, Weirdness & Mutations

Your attributes grow dramatically as you level up.
You have an increased reservoir of magic. (+10% MP)
You shall have no god before yourself.


Message History

The iguana is almost dead.
You howl as the wereblood boils in your veins!
You puncture the iguana!
You feel a bit better.
You kill the iguana!
You howl as the wereblood boils in your veins!
You howl as the wereblood boils in your veins!
Your primal bloodlust has ended.
There is a stone staircase leading down here.
You climb downwards.
Found a scroll labelled REAPLE VYKHEGU.
Found a stone staircase leading up.
There is a stone staircase leading up here.
You start resting.
A killer bee zombie comes into view.
A bullfrog zombie comes into view.
Found 15 stones.
There is a stone staircase leading up here.
You puncture the killer bee zombie!
The killer bee zombie is heavily damaged.
The killer bee zombie closely misses you.
The killer bee zombie hits you.
* * * LOW HITPOINT WARNING * * *
You puncture the killer bee zombie!
You destroy the killer bee zombie!
You climb upwards.
The gnoll shouts! x4
Something shouts, "Capitulate, thou foppish bat-fowling mammet!"
The gnoll barely misses you.
The gnoll throws a throwing net.
The throwing net barely misses you.
The gnoll hits you from afar with a +0 halberd!
* * * LOW HITPOINT WARNING * * *
Found a throwing net.
There is a stone staircase leading down here.
As you read the scroll labelled HUIQIN CUTIL, it crumbles to dust.
You speak a Word of immense power!
It was a scroll of holy word.
The ogre closely misses you. The gnoll hits you with a +0 whip.
* * * LOW HITPOINT WARNING * * *
A shadow imp comes into view.
The gnoll barely misses you.
The gnoll hits you from afar with a +0 halberd!
You die...

.. ..# #.
### ..# #
#.##.##..#5
...8..... .
##......##.#
#.8.g.8....#
#.g.g...#
#.g.@O..#
#......(#
#.8...8.#
##........
##.8..##.#
##.#.# #
#.#.# #.#.#


You could see an ogre, 4 gnolls and a shadow imp.

Vanquished Creatures
  An ice beast (D:5)
  2 ogres
  A phantom (D:4)
  A scorpion (D:5)
  A howler monkey (D:4)
  5 wights (D:5)
  A bullfrog zombie (D:4)
  3 orc priests
  A hound (D:4)
  2 iguanas
  An orc wizard (D:5)
  A killer bee zombie (D:6)
  A hound skeleton (D:5)
  A howler monkey skeleton (D:4)
  4 gnolls
  4 adders
  9 orcs
  10 bats
  8 endoplasms
  5 giant cockroaches
  4 goblins
  4 hobgoblins
  6 kobolds
  A quokka (D:3)
  4 ball pythons
  6 frilled lizards
  3 rats
90 creatures vanquished.

Notes
Turn   | Place    | Note
-------+----------+-------------------------------------------
     0 | D:1      | case the Demigod Transmuter began the quest for the Orb.
     0 | D:1      | Reached XP level 1. HP: 15/15 MP: 5/5
    43 | D:1      | Reached skill level 1 in Fighting
   261 | D:1      | Reached XP level 2. HP: 20/23 MP: 5/7
  1381 | D:1      | Reached XP level 3. HP: 28/28 MP: 6/8
  1611 | D:2      | Learned a level 2 spell: Wereblood
  2223 | D:3      | Reached XP level 4. HP: 35/36 MP: 9/9
  2458 | D:3      | Noticed an ogre
  3022 | D:3      | HP: 1/36 [ogre (11)]
  3024 | D:3      | Killed an ogre
  3025 | D:3      | Reached XP level 5. HP: 2/42 MP: 11/11
  3706 | D:4      | Identified the +7 dagger of Iconoclasm {vorpal, rElec rN+
                  | Str+5 Stlth-}
  3750 | D:4      | Found a runed translucent door.
  3750 | D:4      | Noticed pigah's ghost (amateur OpWn)
  3764 | D:4      | Reached skill level 1 in Short Blades
  3793 | D:4      | Reached skill level 2 in Short Blades
  3793 | D:4      | Reached XP level 6. HP: 22/50 MP: 9/12
  4290 | D:4      | Reached skill level 3 in Short Blades
  4504 | D:5      | Entered Level 5 of the Dungeon
  4567 | D:5      | HP: 2/51 [scorpion (8)]
  4865 | D:5      | Reached XP level 7. HP: 57/57 MP: 13/13
  4890 | D:5      | Reached skill level 4 in Short Blades
  4967 | D:5      | Reached skill level 5 in Short Blades
  5323 | D:5      | Slain by a gnoll

Illustrated notes

Levels and vault maps discovered:
D:1:      heliophobic_arrival_glass_houses, layout_basic,
          shapermc_ecumenical_altar_flowoftime
D:2:      layout_rooms, basic_altar, hex_intersection
D:3:      layout_basic, mainiacjoe_overflow_alcove_1
D:4:      layout_basic, hellmonk_ghost_happy_afterlife
D:5:      layout_loops_ring, grunt_ministairs_2, uniq_blork_the_orc
D:6:      layout_basic, temple_green, serial_rivers,
          chequers_serial_rivers_marsh, chequers_serial_rivers_micro_a,
          chequers_serial_rivers_micro_b, chequers_serial_rivers_large_a,
          uniq_prince_ribbit1, uniq_crazy_yiuf_cottage, uniq_pikel

Skill      XL: |  1  2  3  4  5  6  7 |
---------------+----------------------+-----
Fighting       | 1 2 3 4 |  4.3
Unarmed Combat | 3 4 |  4.4
Transmutations | 2 3 |  3.1
Spellcasting   | 2 |  2.4
Short Blades   | 2 3 5 |  5.3
Dodging        | |  1.7

Action                   |  1- 3 |  4- 6 |  7- 9 || total
-------------------------+-------+-------+-------++-------
Melee: Unarmed           |    96 |    66 |       ||   162
       Headbutt          |    14 |    13 |     6 ||    33
       Kick              |    13 |    22 |     6 ||    41
       Dagger            |       |    52 |    41 ||    93
       Punch             |       |     2 |     1 ||     3
 Cast: Beastly Appendage |    23 |    16 |     2 ||    41
       Wereblood         |       |     4 |     2 ||     6
  Use: Potion            |       |     3 |       ||     3
       Scroll            |       |     2 |     1 ||     3
 Stab: Sleeping          |     4 |       |       ||     4
Armor: Robe              |    10 |       |       ||    10
       Leather armour    |    24 |    15 |       ||    39
       Ring mail         |       |    11 |    10 ||    21
Dodge: Dodged            |    49 |    56 |    19 ||   124

Table legend: (Time is in decaauts)
 A = Elapsed time spent in this place.
 B = Non-inter-level travel time spent in this place.
 C = Inter-level travel time spent in this place.
 D = Time resting spent in this place.
 E = Time spent auto-exploring this place.
 F = Levels seen in this place.
 G = Mean time per level.
                   A        B        C        D        E       F      G
               +--------+--------+--------+--------+--------+-----+--------+
         Total |   5261 |   5141 |    120 |   1414 |   2922 |   6 |  876.8 |
       Dungeon |   5261 |   5141 |    120 |   1414 |   2922 |   6 |  876.8 |
               +--------+--------+--------+--------+--------+-----+--------+

Top non-repeatable levels by time:
     D:1: 1600 daAuts
     D:3: 1211 daAuts
     D:4: 1043 daAuts
     D:2: 837 daAuts
     D:5: 552 daAuts
     D:6: 16 daAuts
